Map: Automaton LE

Players

LaDizz - Winner!

  • Race: Zerg Zerg
  • Spawn Location: 9:00

A.I. 1 (Medium)

  • Race: Protoss Protoss
  • Spawn Location: 3:00

VOD

Have the link to the VOD?

Description

Time

  • Played on: Dec. 7, 2018, 8:44 a.m.
  • Length: 12:22
Show
View Real Time Build Order
Export as new Build Order

LaDizz Zerg - Winner!

Build Orders: Hatch First 

Get SALT Encoding   

  12  0:02  Drone  
  13  0:17  Drone  
  14  0:41  Hatchery  
  13  0:44  Overlord  
  13  0:47  Drone  
  14  1:07  Spawning Pool  
  14  1:09  Drone  
  14  1:15  Drone  
  15  1:19  Drone  
  15  1:22  Drone  
  17  1:35  Extractor  
  17  1:36  Drone  
  17  1:42  Drone, Extractor  
  17  1:53  Queen  
  19  1:58  Drone  
  20  2:02  Drone  
  21  2:13  Drone  
  22  2:15  Queen  
  22  2:18  Drone x2  
  26  2:25  Overlord  
  26  2:35  Zergling x2  
  26  2:36  Zergling x2  
  28  2:41  Metabolic Boost  
  28  2:52  Overlord  
  28  2:54  Drone  
  28  2:55  Zergling x2  
  30  3:06  Queen  
  30  3:10  Drone x2  
  34  3:16  Drone  
  35  3:23  Evolution Chamber  
  34  3:29  Roach Warren  
  34  3:32  Drone  
  34  3:41  Queen  
  36  4:01  Overlord  
  36  4:03  Drone x3  
  36  4:04  Zergling x2  
  36  4:05  Zergling x2  
  41  4:22  Zergling x6  
  44  4:25  Drone  
  44  4:26  Drone x3  
  48  4:42  Hatchery  
  47  4:53  Lair  
  47  5:12  Extractor  
  47  5:13  Drone x3  
  49  5:16  Extractor  
  48  5:25  Queen  
  50  5:30  Drone  
  50  5:31  Drone  
  52  5:38  Overlord x2  
  44  6:20  Queen  
  44  6:22  Drone x3  
  49  6:28  Zergling x8  
  49  6:29  Overlord x2  
  53  6:38  Drone  
  54  6:42  Extractor  
  54  6:43  Extractor  
  52  6:57  Glial Reconstitution  
  52  7:04  Drone  
  52  7:05  Drone x2  
  52  7:07  Zergling x6  
  52  7:08  Zergling x2  
  59  7:19  Zergling x8  
  59  7:20  Zergling x6  
  59  7:21  Zergling x2  
  67  7:32  Zerg Melee Weapons Level 1  
  67  7:36  Evolution Chamber  
  66  7:40  Spire  
  66  7:42  Drone x2, Infestation Pit  
  66  7:49  Spore Crawler  
  65  7:52  Baneling Nest  
  64  8:07  Roach, Zergling x6  
  64  8:08  Roach x6, Hatchery  
  80  8:14  Spine Crawler x2  
  80  8:15  Tunneling Claws  
  80  8:18  Spore Crawler  
  77  8:27  Spine Crawler x2, Spore Crawler  
  77  8:28  Drone  
  77  8:33  Drone x2  
  79  8:48  Roach x2  
  79  8:49  Overlord x3  
  79  8:50  Overlord  
  81  8:56  Centrifical Hooks  
  81  8:59  Zerg Missile Weapons Level 1  
  81  9:02  Baneling x3  
  81  9:03  Baneling x2  
  81  9:04  Baneling  
  81  9:05  Baneling x3  
  81  9:07  Zergling x2  
  81  9:09  Zergling x2  
  83  9:14  Drone x2  
  85  9:20  Drone x2  
  87  9:50  Drone x3  
  88  9:59  Zergling x4  
  88  10:00  Drone x2, Zergling x4  
  88  10:01  Drone x2  
  88  10:02  Zergling x6  
  88  10:04  Roach x2  
  88  10:05  Roach  
  102  10:13  Drone  
  102  10:14  Drone  
  94  10:38  Hive  
  94  10:40  Pneumatized Carapace  
  94  10:41  Drone x2  
  94  10:42  Drone  
  97  10:45  Drone x3  
  88  12:01  Zergling x8  
  84  12:02  Zergling x2  
  84  12:05  Drone x4  
  84  12:07  Drone x2  
  84  12:08  Drone  
Show
View Real Time Build Order
Export as new Build Order

A.I. 1 (Medium) Protoss 

Build Orders:  

Get SALT Encoding   

  12  0:00  Probe  
  13  0:13  Probe  
  14  0:21  Pylon  
  14  0:25  Probe  
  15  0:35  Probe  
  16  0:43  Probe  
  17  0:50  Assimilator  
  17  0:52  Probe, Gateway  
  18  1:02  Pylon  
  18  1:30  Gateway  
  18  1:35  Assimilator  
  18  1:39  Zealot  
  18  1:44  Cybernetics Core  
  20  1:59  Zealot  
  22  2:17  Pylon  
  22  2:18  Zealot, Warp Gate  
  24  2:28  Stalker  
  26  2:33  Probe  
  27  2:45  Adept, Probe  
  30  2:52  Pylon  
  30  2:56  Probe  
  31  2:58  Stalker  
  31  3:04  Probe  
  33  3:09  Forge  
  33  3:12  Probe  
  35  3:23  Probe  
  36  4:23  Probe  
  36  4:56  Sentry, Probe  
  36  4:58  Photon Cannon  
  39  5:00  Photon Cannon  
  39  5:03  Robotics Facility  
  39  5:05  Stargate  
  39  5:07  Pylon  
  39  5:08  Twilight Council, Stalker  
  39  5:12  Gateway  
  41  5:20  Stalker  
  43  5:24  Forge  
  43  5:25  Probe  
  44  5:31  Pylon  
  44  5:33  Sentry  
  46  5:45  Sentry  
  48  5:50  Observer  
  45  5:57  Adept  
  43  6:05  Observer  
  43  6:09  Adept  
  42  6:21  Stalker  
  44  6:28  Nexus  
  44  6:33  Stalker  
  46  6:46  Zealot  
  48  6:58  Zealot  
  50  7:37  Probe  
  52  7:44  Probe  
  52  7:45  Probe  
  52  7:48  Assimilator  
  52  7:50  Pylon  
  53  7:51  Pylon  
  53  7:52  Assimilator  
  53  7:55  Probe  
  53  7:56  Probe  
  55  8:07  Probe x2  
  55  8:11  Photon Cannon  
  57  8:14  Photon Cannon  
  57  8:16  Probe  
  57  8:19  Probe  
  58  8:25  Probe  
  59  8:31  Probe  
  61  8:36  Probe  
  61  8:39  Probe  
  62  8:47  Probe  
  62  8:48  Probe  
  65  9:00  Probe  
  65  9:01  Probe  
  67  9:11  Probe  
  67  9:12  Probe  
  67  9:13  Stalker, Warp Prism  
  67  9:16  Robotics Facility  
  73  9:20  Stargate  
  73  9:25  Probe  
  73  9:26  Stalker  
  73  9:27  Pylon, Protoss Ground Armor Level 1  
  73  9:30  Gateway  
  76  9:33  Protoss Ground Weapons Level 1  
  76  9:41  Robotics Bay  
  76  9:44  Fleet Beacon  
  76  9:48  Warp Prism  
  78  9:57  Stalker  
  58  10:03  Observer  
  59  10:10  Zealot  
  61  10:19  Zealot  
  57  10:27  Zealot  
  43  10:34  Zealot  
  33  10:41  Zealot  
  27  10:48  Void Ray  
  31  10:56  Zealot  
  33  11:03  Void Ray  
  33  11:16  Stalker  
  35  11:29  Pylon, Stalker  
  34  11:35  Probe  
  34  11:36  Zealot  
  32  11:40  Pylon  
  29  11:47  Probe  
  28  11:58  Pylon  
Tags
 
Matchup
PvZ
Spawn Locations
Cross Positions
Add a new tag
Caveats
  • Supply blocks, unpowered buildings, or Contaminate may cause inaccurate times.
  • Supply counts are checked every 10 seconds.